 Dungeon Crawl Stone Soup version 0.30-b1-2-g02819fbbbe (webtiles) character file.

Game seed: 3097297229918454562

23 sanka the Firebug (level 2, -6/13 HPs)
             Began as a Vine Stalker Fire Elementalist on May 8, 2023.
             Was a Follower of Trog.
             Mangled by a worm (10 damage)
             ... on level 2 of the Dungeon.
             The game lasted 00:03:54 (1469 turns).

sanka the Firebug (Vine Stalker Fire Elementalist)  Turns: 1469, Time: 00:03:54

Health: -6/13      AC:  2    Str: 10    XL:     2   Next: 95%
Magic:  0/6        EV: 12    Int: 15    God:    Trog [*.....]
Gold:   35         SH:  0    Dex: 14    Spells: 5/6 levels left

rFire   . . .        o - +0 dagger
rCold   . . .        (no shield)
rNeg    . . .        a - +0 robe
rPois   .            (no helmet)
rElec   .            (no cloak)
rCorr   .            (no gloves)
SInv    .            (no boots)
Will    .....        g - amulet of regeneration
Stlth   ++           (no ring)
HPRegen 1.02/turn    (no ring)
MPRegen 0.10/turn

%: guardian spirit
@: no status effects
A: fangs 2, magic shield, antimagic bite, no potion heal 2
a: Renounce Religion, Berserk


You were on level 2 of the Dungeon.
You worshipped Trog.
Trog was aware of your devotion.
You visited 1 branch of the dungeon, and saw 2 of its levels.

You collected 35 gold pieces.

Inventory:

Hand Weapons
 o - a +0 dagger (weapon)
Armour
 a - a +0 robe (worn)
Jewellery
 g - an amulet of regeneration (around neck)
Scrolls
 c - a scroll of blinking {unknown}
 e - a scroll of enchant armour {unknown}
 h - a scroll of immolation {unknown}
 i - a scroll of poison {unknown}
 k - a scroll of fear {unknown}
Potions
 b - a potion of magic
 d - 2 potions of haste {unknown}
 f - a potion of brilliance {unknown}
 j - 2 potions of lignification {unknown}
 l - a potion of degeneration {unknown}
 m - a potion of heal wounds {unknown}
 n - a potion of mutation {unknown}


   Skills:
 + Level 0.0 Fighting
 + Level 0.0 Short Blades
 + Level 1.5 Dodging
 - Level 2.4 Stealth
 - Level 2.8 Spellcasting
 - Level 1.0 Conjurations
 - Level 3.5 Fire Magic


You had 5 spell levels left.
You knew the following spells:

 Your Spells              Type           Power      Damage    Failure   Level
a - Foxfire               Conj/Fire      36%        2x1d5     8%          1

Your spell library contained the following spells:

 Spells                   Type           Power      Damage    Failure   Level
 Scorch                   Fire           24%        2d6       7%          2
 Beastly Appendage        Tmut           4%         N/A       21%         1
 Sandblast                Erth           4%         2d4       21%         1
 Passwall                 Tmut/Erth      1%         N/A       30%         2
 Wereblood                Tmut           2%         N/A       30%         2
 Inner Flame              Hex/Fire       7%         N/A       30%         3
 Volatile Blastmotes      Fire/Tloc      14%        2d11      30%         3
 Stone Arrow              Conj/Erth      6%         3d7       45%         3
 Spider Form              Tmut/Pois      2%         N/A       52%         3
 Flame Wave               Conj/Fire      9%         2d6       61%         4


Dungeon Overview and Level Annotations

Branches:
Dungeon (2/15)

Altars:
Trog


Innate Abilities, Weirdness & Mutations

You have extremely sharp teeth.
When hurt, damage is shared between your health and your magic reserves.
Your bite disrupts and absorbs the magic of your enemies.
Potions cannot restore your health.


Message History

The worm bites you.
You barely miss the worm. Your bite misses the worm.
The worm is almost dead.
You hit the worm.
The worm is almost dead.
The worm bites you.
You hit the worm but do no damage.
The worm is almost dead.
The worm closely misses you.
You hit the worm but do no damage.
The worm is almost dead.
You barely miss the worm. You bite the worm, but do no damage.
The worm is almost dead.
The worm bites you.
You hit the worm. You bite the worm, but do no damage.
The worm is almost dead.
You hit the worm but do no damage. You bite the worm. You drain its power.
You feel invigorated.
The worm is almost dead.
The worm closely misses you.
You hit the worm but do no damage.
The worm is almost dead.
The worm bites you!
* * * LOW HITPOINT WARNING * * *
You hit the worm.
The worm is almost dead.
You barely miss the worm.
The worm is almost dead.
The worm bites you.
* * * LOW HITPOINT WARNING * * *
You barely miss the worm. You bite the worm, but do no damage.
The worm is almost dead.
You barely miss the worm.
The worm is almost dead.
The worm closely misses you.
You completely miss the worm. You punch the worm. Your bite misses the worm.
The worm is almost dead.
The worm bites you!
Ouch! That really hurt!
You die...

......>#.#######
#....#.#.....#
#....#.#.###.#
#..........#.#
#....#.#.#.#.#
#......#.#.#.#
#.#....#.# #.# #
#<.....#.# #.#
#.#.##...#.# #@#
#.#......#...w.#
###..............#
..:..........#.#.#
######.#.........#
.......#.#.#.#.###
#####h.# ..... #
#<.# .#.# ######.#


You could see a worm.

Vanquished Creatures
  2 endoplasms (D:1)
  4 goblins (D:1)
  4 hobgoblins (D:1)
  3 jackals (D:2)
  A ball python (D:1)
  3 frilled lizards (D:1)
  2 kobolds (D:1)
  2 rats (D:1)
21 creatures vanquished.

Vanquished Creatures (others)
  58 foxfires
58 creatures vanquished.

Grand Total: 79 creatures vanquished

Notes
Turn   | Place    | Note
-------+----------+-------------------------------------------
     0 | D:1      | sanka the Vine Stalker Fire Elementalist began the quest
                  | for the Orb.
     0 | D:1      | Reached XP level 1. HP: 9/9 MP: 4/4
   214 | D:1      | Reached XP level 2. HP: 13/13 MP: 3/6
   989 | D:1      | Found a faded altar of an unknown god.
  1337 | D:1      | Prayed at the altar of an unknown god.
  1337 | D:1      | Became a worshipper of Trog the Wrathful
  1337 | D:1      | Reached * piety under Trog
  1469 | D:2      | Mangled by a worm

Illustrated notes

Levels and vault maps discovered:
D:1:      dpeg_arrival_morbid_curiosity, layout_loops_ring,
          shapermc_ecumenical_altar_totnotflames, minmay_pentomino_u4
D:2:      layout_basic

Action                     || total
---------------------------++-------
  Melee: Dagger            ||    26
         Bite              ||    14
         Unarmed           ||     8
         Punch             ||     1
   Cast: Foxfire           ||    33
 Armour: Robe              ||     2
  Dodge: Dodged            ||    28
